[Event "Titled Tuesday Blitz May 31 Early 2022"]
[White "Blackman, Justin"]
[Black "Plazuelo Pascual, Juan"]
[WhiteFideId "11100516"]
[BlackFideId "32059566"]
[WhiteElo "2112"]
[BlackElo "2359"]
[Result "1-0"]
[Round "09"]
[TimeControl "180+1"]
[Date "2022.06.01"]
[WhiteClock "0:00:16"]
[BlackClock "0:00:01"]

1. e4 c5 2. Nf3 Nc6 3. Bb5 d6 4. O-O Bd7 5. Re1 a6 6. Bf1 Nf6 7. c4 Bg4 8. h3 Bxf3 9. Qxf3 Nd4 10. Qd1 e6 11. Nc3 Be7 12. d3 O-O 13. Rb1 b5 14. a3 Rb8 15. b4 Qc7 16. Bf4 Nd7 17. bxc5 Qxc5 18. Be3 Bf6 19. a4 bxc4 20. dxc4 Rxb1 21. Qxb1 Ne5 22. Rc1 Nxc4 23. Kh1 Nxe3 24. fxe3 Nb3 25. Qxb3 Qxe3 26. Rc2 Bd4 27. Kh2 Qg1+ 28. Kg3 Qxf1 29. Ne2 Qf2+ 30. Kh2 Be5+ 31. Kh1 Qe1+ 32. Ng1 Qxe4 33. Rc4 Qe1 34. Qc2 h6 35. Re4 Qa1 36. Qd2 d5 37. Re1 Qc3 38. Qd1 Qg3 39. Nf3 Bd6 40. Qe2 Rb8 41. Rc1 Qf4 42. Qd1 Rb3 43. Rc8+ Kh7 44. Qc2+ Qe4 45. Qxb3 Qf4 46. Qb1+ g6 47. Qc1 Qe4 48. Rc2 e5 49. Qe1 Qf5 50. Rc6 Be7 51. Qxe5 1-0


[Site "https://www.chess.com"]

[Event "Titled Tuesday Blitz May 31 Early 2022"]
[White "Bluebaum, Matthias"]
[Black "Barria Zuniga, Daniel"]
[WhiteFideId "24651516"]
[BlackFideId "3400816"]
[WhiteElo "2556"]
[BlackElo "2414"]
[Result "1-0"]
[Round "09"]
[TimeControl "180+1"]
[Date "2022.05.31"]
[WhiteClock "0:01:14"]
[BlackClock "0:00:04"]

1. d4 d5 2. Nc3 e6 3. e4 Bb4 4. exd5 exd5 5. Bd3 Nc6 6. Ne2 Bg4 7. f3 Bh5 8. O-O Nge7 9. Bf4 Qd7 10. a3 Ba5 11. Qd2 f6 12. Kh1 O-O 13. Rae1 Bg6 14. Bg3 Rae8 15. Nf4 Bf7 16. Bf2 Nf5 17. b4 Bb6 18. Ncxd5 Bxd5 19. Nxd5 Qxd5 20. c4 Qd7 21. c5 Nfxd4 22. cxb6 Rxe1 23. Rxe1 Rd8 24. Bc4+ Kf8 25. b5 Ne5 26. Qb4+ Ke8 27. Bxd4 Qxd4 28. bxc7 Rc8 29. Bf7+ Kxf7 30. Qxd4 Rxc7 31. h3 Re7 32. Qxa7 b6 33. Qxb6 Nc4 34. Rxe7+ 1-0


[Site "https://www.chess.com"]

[Event "Titled Tuesday Blitz May 31 Early 2022"]
[White "Boder, Jan"]
[Black "Dronavalli, Harika"]
[WhiteFideId "16243226"]
[BlackFideId "5015197"]
[WhiteElo "2064"]
[BlackElo "2382"]
[Result "1-0"]
[Round "09"]
[TimeControl "180+1"]
[Date "2022.06.01"]
[WhiteClock "0:00:10"]
[BlackClock "0:00:18"]

1. b3 Nf6 2. Bb2 g6 3. Bxf6 exf6 4. c4 d5 5. cxd5 Qxd5 6. Nc3 Qd8 7. g3 c6 8. Bg2 f5 9. e3 Bg7 10. Nge2 O-O 11. d4 Nd7 12. O-O Nf6 13. b4 a6 14. a4 h5 15. h4 Be6 16. b5 Rc8 17. bxc6 bxc6 18. Nf4 Bc4 19. Re1 c5 20. d5 Nd7 21. Rc1 Qa5 22. Ne4 Qb4 23. Nd6 Bb3 24. Qe2 Rb8 25. Nd3 Qa5 26. Nb2 Bxb2 27. Qxb2 Bxd5 28. Qa3 Bxg2 29. Kxg2 Rb4 30. Ra1 Qc7 31. Red1 Qc6+ 32. Kg1 Ne5 33. e4 fxe4 34. Rac1 Rfb8 35. Qe3 Nf3+ 36. Kg2 Rb3 37. Rxc5 Rxe3 38. Rxc6 Re2 39. Rc8+ Rxc8 40. Nxc8 Ra2 41. Rd8+ Kg7 42. Nd6 e3 43. Kxf3 exf2 44. Kg2 Rxa4 45. Kxf2 Ra2+ 46. Kf3 a5 47. Rd7 Ra3+ 48. Kf4 Ra4+ 49. Kf3 Ra3+ 50. Kg2 Kf6 51. Ra7 a4 52. Nc4 Ra2+ 53. Kf3 Ke6 54. Ke4 f5+ 55. Kf4 Kd5 56. Ne3+ Kc5 57. Kg5 Ra3 58. Nf1 Rf3 59. Kxg6 Rxf1 60. Rxa4 Kd6 61. Kxh5 Ke6 62. Kg5 Rg1 63. Ra3 Ke5 64. Re3+ Kd4 65. Rf3 Ke4 66. Rf4+ Ke3 67. Kxf5 Rxg3 68. Rg4 Rh3 69. Kg5 Kf3 70. h5 Rh1 71. Rf4+ Ke3 72. Rg4 Kf3 73. Rf4+ Ke3 74. Ra4 Rg1+ 75. Kh6 Rh1 76. Kg6 Rg1+ 77. Kh7 Kf3 78. h6 Rg2 79. Kh8 Rg1 80. h7 Rg2 81. Ra7 Kf4 82. Rg7 Ra2 83. Rf7+ Ke5 84. Kg7 Rg2+ 85. Kf8 Rh2 86. Kg8 Ke6 87. Rg7 Ra2 88. h8=Q Ra8+ 89. Kh7 Rxh8+ 90. Kxh8 Kf6 91. Kg8 Kf5 92. Rf7+ Ke5 93. Kg7 Kd4 94. Rf6 Kd5 95. Kg6 Ke5 96. Kg5 Ke4 97. Rf5 Kd4 98. Kf4 1-0


[Site "https://www.chess.com"]

[Event "Titled Tuesday Blitz May 31 Early 2022"]
[White "Bortnyk, Olexandr"]
[Black "Xiong, Jeffery"]
[WhiteFideId "14120828"]
[BlackFideId "2047640"]
[WhiteElo "2723"]
[BlackElo "2727"]
[Result "1-0"]
[Round "09"]
[TimeControl "180+1"]
[Date "2022.05.31"]
[WhiteClock "0:00:02"]
[BlackClock "0:00:02"]

1. d4 Nf6 2. Nc3 d5 3. Bf4 e6 4. Nb5 Na6 5. e3 Be7 6. Nf3 O-O 7. Ne5 Nd7 8. Nc3 Nxe5 9. Bxe5 c5 10. Bxa6 bxa6 11. O-O f6 12. Bg3 Bb7 13. Na4 cxd4 14. exd4 Bc6 15. Nc3 Qb6 16. Qe2 Bb7 17. Rfe1 Kf7 18. Qh5+ Kg8 19. Qe2 Kf7 20. Na4 Qc6 21. b3 Rfe8 22. Qd3 Kg8 23. Re2 a5 24. Qd2 Bb4 25. c3 Bf8 26. Rae1 Rac8 27. f4 Ba6 28. Re3 Bb5 29. Nb2 a4 30. Nxa4 Bxa4 31. bxa4 Qxa4 32. Rxe6 Rxe6 33. Rxe6 Qc4 34. Re3 Rb8 35. f5 Rb1+ 36. Re1 Rb7 37. h3 Qc8 38. Re6 Rb1+ 39. Kh2 Qc4 40. Re8 Qf1 41. Bd6 h5 42. Kg3 Kh7 43. Bxf8 Rd1 44. Qe2 h4+ 45. Kg4 Qg1 46. Re7 Rf1 47. Rxg7+ Kh8 48. Rh7+ Kg8 49. Qe6+ Kxh7 50. Qf7+ 1-0


[Site "https://www.chess.com"]

[Event "Titled Tuesday Blitz May 31 Early 2022"]
[White "Brodowski, Piotr"]
[Black "Aradhya, Garg"]
[WhiteFideId "1124480"]
[BlackFideId "25006746"]
[WhiteElo "2431"]
[BlackElo "2169"]
[Result "1-0"]
[Round "09"]
[TimeControl "180+1"]
[Date "2022.05.31"]
[WhiteClock "0:00:37"]
[BlackClock "0:00:11"]

1. d4 d5 2. c4 c6 3. Nc3 Nf6 4. e3 Nbd7 5. Nf3 e6 6. Qc2 Be7 7. Bd3 O-O 8. g4 dxc4 9. Bxc4 Nxg4 10. Rg1 Ngf6 11. e4 b5 12. Bd3 b4 13. Ne2 Qa5 14. b3 e5 15. Ng3 Nb6 16. dxe5 Ng4 17. Bf4 Qc5 18. h3 Nxf2 19. Qxf2 Qc3+ 20. Ke2 Bc5 21. Qe1 Qb2+ 22. Qd2 Qxd2+ 23. Bxd2 Bxg1 24. Rxg1 a5 25. Nh5 g6 26. Nf6+ Kg7 27. Nd4 Kh8 28. Bh6 Rd8 29. Nxc6 Rxd3 30. Kxd3 Ba6+ 31. Ke3 Rc8 32. Ne7 Rc3+ 33. Kf4 Be2 34. Rg3 a4 35. Nf5 Rxg3 36. Bg7# 1-0


[Site "https://www.chess.com"]

[Event "Titled Tuesday Blitz May 31 Early 2022"]
[White "Buchenau, Frank"]
[Black "Jaferian, Koosha"]
[WhiteFideId "4604350"]
[BlackFideId "12507440"]
[WhiteElo "2157"]
[BlackElo "2030"]
[Result "0-1"]
[Round "09"]
[TimeControl "180+1"]
[Date "2022.06.01"]
[WhiteClock "0:00:09"]
[BlackClock "0:00:19"]

1. e4 c6 2. Nf3 d5 3. Nc3 Bg4 4. d4 e6 5. Bd3 Nf6 6. e5 Nfd7 7. Ne2 c5 8. c3 Nc6 9. Be3 Bxf3 10. gxf3 g6 11. f4 Qb6 12. Qd2 cxd4 13. cxd4 Bb4 14. Nc3 Rc8 15. Kf1 Qa5 16. Kg2 Bxc3 17. bxc3 Ne7 18. Rhc1 O-O 19. c4 Qxd2 20. Bxd2 dxc4 21. Bxc4 Nf5 22. Be3 Nb6 23. Bb3 Rfd8 24. Rxc8 Rxc8 25. Kf3 Rc3 26. Ke4 Nc4 27. Rc1 Rxc1 28. Bxc1 Nb6 29. d5 exd5+ 30. Bxd5 Nxd5 31. Kxd5 Kf8 32. e6 Ke7 33. Ba3+ Kf6 34. Bb2+ Ke7 35. Ba3+ Ke8 36. Ke5 Nh4 37. Kf6 fxe6 38. Kxe6 Nf3 39. h3 Ng1 40. h4 Nf3 41. h5 gxh5 42. Kf5 Kf7 43. Ke4 Nd2+ 44. Ke3 Nc4+ 45. Kf3 Nxa3 0-1


[Site "https://www.chess.com"]

[Event "Titled Tuesday Blitz May 31 Early 2022"]
[White "Chen, Qi b"]
[Black "Pranav, V"]
[WhiteFideId "8614733"]
[BlackFideId "25060783"]
[WhiteElo "2432"]
[BlackElo "2349"]
[Result "0-1"]
[Round "09"]
[TimeControl "180+1"]
[Date "2022.05.31"]
[WhiteClock "0:00:10"]
[BlackClock "0:01:54"]

1. d4 Nf6 2. c4 e6 3. Nc3 c5 4. d5 e5 5. e4 d6 6. Be2 Be7 7. h4 O-O 8. g4 b5 9. cxb5 a6 10. f3 axb5 11. Bxb5 Ba6 12. a4 Bxb5 13. Nxb5 Na6 14. Ne2 c4 15. Be3 Nd7 16. h5 Ndc5 17. O-O g6 18. hxg6 fxg6 19. Rc1 Nd3 20. Rc2 Nab4 21. Rd2 Ra6 22. b3 Bg5 23. Bxg5 Qxg5 24. bxc4 Qe3+ 25. Kg2 Rxa4 26. Nxd6 Ra6 27. c5 Qxc5 28. Nb7 Qe3 29. Ng3 Raf6 30. Na5 Rxf3 31. Rxf3 Rxf3 32. Qxf3 Ne1+ 0-1


[Site "https://www.chess.com"]

[Event "Titled Tuesday Blitz May 31 Early 2022"]
[White "Chernobay, Artem"]
[Black "Swiercz, Dariusz"]
[WhiteFideId "4167406"]
[BlackFideId "1126881"]
[WhiteElo "2473"]
[BlackElo "2627"]
[Result "0-1"]
[Round "09"]
[TimeControl "180+1"]
[Date "2022.05.31"]
[WhiteClock "0:00:12"]
[BlackClock "0:00:02"]

1. e4 e6 2. d4 d5 3. Nc3 Bb4 4. e5 c5 5. Bd2 Ne7 6. Nb5 Bxd2+ 7. Qxd2 O-O 8. dxc5 Nd7 9. Nf3 Nc6 10. Qe3 f6 11. exf6 Qxf6 12. O-O-O Nde5 13. Be2 Bd7 14. Nxe5 Nxe5 15. Nd6 b6 16. cxb6 axb6 17. Kb1 b5 18. Nxb5 Rfb8 19. Nd4 Ng6 20. g3 e5 21. Nb3 d4 22. Qf3 Qb6 23. h4 Bc6 24. Bc4+ Kh8 25. Bd5 Rf8 26. Qe4 Bxd5 27. Qxd5 Qa7 28. a3 Rxf2 29. h5 Ne7 30. Qxe5 Nc6 31. Qe4 Rc8 32. h6 Rf6 33. hxg7+ Qxg7 34. Rdf1 Rxf1+ 35. Rxf1 Ne5 36. Nxd4 Nc4 37. Rd1 Rb8 38. Ka1 Nxb2 39. Re1 Nc4 40. Qd5 Nxa3 41. Qc5 Nxc2+ 42. Ka2 Nxe1 43. Qb5 Rxb5 0-1


[Site "https://www.chess.com"]

[Event "Titled Tuesday Blitz May 31 Early 2022"]
[White "Costachi, Mihnea"]
[Black "Hasangatin, Ramil"]
[WhiteFideId "1217518"]
[BlackFideId "4122160"]
[WhiteElo "2476"]
[BlackElo "2399"]
[Result "0-1"]
[Round "09"]
[TimeControl "180+1"]
[Date "2022.05.31"]
[WhiteClock "0:00:48"]
[BlackClock "0:00:57"]

1. d4 Nf6 2. Bg5 e6 3. e3 h6 4. Bh4 g5 5. Bg3 Ne4 6. Bd3 Nxg3 7. hxg3 Bg7 8. c4 c5 9. Ne2 Nc6 10. Be4 cxd4 11. Bxc6 dxc6 12. exd4 c5 13. d5 Bxb2 14. Nd2 exd5 15. Rb1 Bg7 16. cxd5 Qxd5 17. O-O O-O 18. Qc1 Bg4 19. Nc3 Qd3 20. Nce4 b6 21. Rb3 Qd5 22. f3 Be6 23. Kh2 Rad8 24. Nb1 f5 25. Nf2 Bd4 26. Rd3 Qc4 27. Qd1 Qxa2 28. Nh3 Bc4 29. Re1 Bxd3 30. Qxd3 Bg7 31. Qb5 Qf7 32. Na3 Rfe8 33. Rf1 Qd7 34. Qc4+ Qd5 35. Qa4 a6 36. Qxa6 Qd3 37. Qxd3 Rxd3 38. Nb5 Re2 39. Ng1 Rb2 40. Nc7 Rdd2 41. Nh3 Rxg2+ 42. Kh1 Rh2+ 43. Kg1 Rbg2# 0-1


[Site "https://www.chess.com"]

[Event "Titled Tuesday Blitz May 31 Early 2022"]
[White "De La Colina, Nicolas"]
[Black "Urazayev, Arystanbek"]
[WhiteFideId "30946921"]
[BlackFideId "13709810"]
[WhiteElo "2046"]
[BlackElo "2422"]
[Result "0-1"]
[Round "09"]
[TimeControl "180+1"]
[Date "2022.05.31"]
[WhiteClock "0:01:41"]
[BlackClock "0:02:31"]

1. c4 e5 2. Nc3 Nf6 3. Nf3 Nc6 4. e3 Bb4 5. Qc2 Bxc3 6. bxc3 O-O 7. e4 d6 8. g3 a6 9. a4 Na5 10. d3 Bd7 11. Bg2 b5 12. axb5 axb5 13. cxb5 Bxb5 14. O-O c5 15. Bg5 h6 16. Bd2 c4 17. d4 Nb3 18. Rxa8 Qxa8 19. dxe5 Qxe4 20. Qxe4 Nxe4 21. Bf4 Nxc3 22. exd6 Ne2+ 23. Kh1 Nxf4 24. gxf4 c3 0-1


[Site "https://www.chess.com"]

[Event "Titled Tuesday Blitz May 31 Early 2022"]
[White "De Souza, Cristiano Gomes"]
[Black "Przybylski, Wojciech"]
[WhiteFideId "2151758"]
[BlackFideId "1117599"]
[WhiteElo "2068"]
[BlackElo "2133"]
[Result "0-1"]
[Round "09"]
[TimeControl "180+1"]
[Date "2022.06.01"]
[WhiteClock "0:00:02"]
[BlackClock "0:00:05"]

1. d4 d5 2. c4 dxc4 3. Nf3 Nf6 4. e3 e6 5. Bxc4 a6 6. a4 c5 7. O-O cxd4 8. exd4 Nc6 9. Nc3 Be7 10. Ba2 O-O 11. d5 exd5 12. Nxd5 Nxd5 13. Bxd5 Qc7 14. Be3 Nb4 15. Rc1 Qd6 16. Bb3 Qxd1 17. Rfxd1 Nc6 18. Nd4 Ne5 19. Bd5 Rd8 20. Be4 g6 21. Bb1 Bd7 22. b3 Ng4 23. Rc7 Bd6 24. Rxb7 Bxh2+ 25. Kf1 Nxe3+ 26. fxe3 Bg4 27. Rc1 Rac8 28. Rc4 Be5 29. Bd3 Be6 30. Nxe6 Rxd3 31. Nf4 Rxe3 32. Rxc8+ Kg7 33. Nd5 Re4 34. Nb4 Bg3 35. Rc1 h5 36. Nxa6 h4 37. Nc5 Rf4+ 38. Ke2 Rf2+ 39. Kd3 Rxg2 40. Rc2 Rg1 41. Ne4 Bf4 42. Nf2 Rg3+ 43. Ke2 Re3+ 44. Kf1 h3 45. Re2 Rg3 0-1


[Site "https://www.chess.com"]

[Event "Titled Tuesday Blitz May 31 Early 2022"]
[White "Derraugh, Geordie"]
[Black "Skliarov, Viktor"]
[WhiteFideId "2603950"]
[BlackFideId "14106736"]
[WhiteElo "2116"]
[BlackElo "2229"]
[Result "0-1"]
[Round "09"]
[TimeControl "180+1"]
[Date "2022.06.01"]
[WhiteClock "0:00:03"]
[BlackClock "0:00:12"]

1. e4 c5 2. c3 d6 3. Nf3 Nf6 4. Bd3 g6 5. O-O Bg7 6. Bc2 O-O 7. d4 cxd4 8. cxd4 Bg4 9. h3 Bxf3 10. Qxf3 Nc6 11. Be3 Qb6 12. d5 Qxb2 13. dxc6 Qxa1 14. cxb7 Rab8 15. Bb3 Rxb7 16. e5 Rxb3 17. axb3 Qxe5 18. Bxa7 Qd5 19. Qe3 Qb7 20. Nd2 Nd5 21. Qf3 Qxa7 22. Qxd5 Qd4 23. Qxd4 Bxd4 24. Rb1 Rb8 25. Kf1 d5 26. Ke2 Rb4 27. f3 e5 28. Kd3 Kg7 29. Rc1 Rb7 30. Rc6 Rb5 31. Rd6 h5 32. Kc2 Kf8 33. Nf1 Ke7 34. Ra6 Rc5+ 35. Kd2 Rc3 36. b4 Rb3 37. Kc2 Rxb4 38. Nd2 h4 39. Kd3 Rb5 40. Ra8 Rc5 41. Rh8 Rc3+ 42. Ke2 Re3+ 43. Kd1 g5 44. Rg8 Kf6 45. Rd8 Ke6 46. Rg8 f6 47. Re8+ Kd7 48. Ra8 Rd3 49. Ke2 Rc3 50. Rb8 f5 51. Rf8 Ke6 52. Rg8 e4 53. fxe4 fxe4 54. Rxg5 Re3+ 55. Kd1 Rd3 56. Ke2 Re3+ 57. Kd1 Ra3 58. Rh5 Ra1+ 59. Ke2 Ra2 60. Ke1 Bc3 61. Rh6+ Ke5 62. Rxh4 Bxd2+ 63. Kd1 Kd4 64. Rh8 Kd3 65. Ra8 Rxa8 0-1


[Site "https://www.chess.com"]

[Event "Titled Tuesday Blitz May 31 Early 2022"]
[White "Deviprasath, Sharvesh"]
[Black "Avazkhonov, Alikhon"]
[WhiteFideId "30938228"]
[BlackFideId "14208504"]
[WhiteElo "2102"]
[BlackElo "1739"]
[Result "0-1"]
[Round "09"]
[TimeControl "180+1"]
[Date "2022.06.01"]
[WhiteClock "0:00:07"]
[BlackClock "0:00:04"]

1. d4 d5 2. c4 e6 3. Nc3 c6 4. Nf3 dxc4 5. e3 b5 6. a4 Bb4 7. Bd2 a5 8. axb5 Bxc3 9. Bxc3 cxb5 10. Ne5 Bb7 11. Bd2 Nf6 12. b3 O-O 13. bxc4 b4 14. Bd3 Ne4 15. O-O Nd7 16. Nf3 Ndf6 17. Qc2 Nxd2 18. Nxd2 Qc7 19. Rfb1 Rfb8 20. Ne4 Nxe4 21. Bxe4 Bxe4 22. Qxe4 Qxc4 23. Rc1 Qd5 24. Qb1 a4 25. Rc5 Qb7 26. Rc4 Qb5 27. Rc5 Qb6 28. Rc4 a3 29. Qb3 Qa5 30. Rcc1 Qa4 31. Rcb1 Qxb3 32. Rxb3 Ra4 33. Kf1 Rc8 34. Ra2 Rc1+ 35. Ke2 f5 36. g3 g5 37. f3 Kf7 38. Kd3 Ke7 39. Kd2 Rh1 40. Kd3 Kd6 41. Kc4 Rc1+ 42. Kb5 Ra8 43. Kxb4 Rb8+ 44. Kxa3 Ra8+ 45. Kb2 Rxa2+ 46. Kxa2 Rc2+ 47. Rb2 Rc3 48. Kb1 Rxe3 49. Rd2 Rxf3 50. Kc2 Kd5 51. Re2 g4 52. Re5+ Kd6 53. Re2 h5 54. Re5 Rf2+ 55. Kd3 Rxh2 56. Ra5 Rh3 57. Kc4 Rxg3 58. Ra6+ Ke7 59. Kc5 Kf6 60. Ra7 Rc3+ 61. Kb4 Re3 62. Ra6 g3 63. d5 g2 64. d6 g1=Q 65. d7 Qb1+ 66. Ka4 Qa1+ 67. Kb5 Qb2+ 68. Kc6 Qd4 69. Ra8 Rc3+ 70. Kb7 Qb4+ 71. Ka7 Ra3# 0-1


[Site "https://www.chess.com"]

[Event "Titled Tuesday Blitz May 31 Early 2022"]
[White "Wagner, Dinara"]
[Black "Harvey, Marcus R"]
[WhiteFideId "24157570"]
[BlackFideId "400092"]
[WhiteElo "2216"]
[BlackElo "2485"]
[Result "0-1"]
[Round "09"]
[TimeControl "180+1"]
[Date "2022.06.01"]
[WhiteClock "0:00:12"]
[BlackClock "0:00:31"]

1. d4 Nf6 2. c4 e6 3. Nf3 d5 4. g3 dxc4 5. Bg2 c6 6. Ne5 Bb4+ 7. Bd2 Be7 8. e3 b5 9. Nxc6 Nxc6 10. Bxc6+ Bd7 11. Bxa8 Qxa8 12. O-O h5 13. h3 e5 14. dxe5 Bxh3 15. f3 Ng4 16. Nc3 Bxf1 17. Qxf1 Nxe5 18. e4 Bc5+ 19. Kg2 Qc6 20. Nd5 O-O 21. Bc3 Nd3 22. Qh1 Qg6 23. Bd4 Re8 24. Bxc5 Nxc5 25. Qh4 Qh6 26. Rd1 Nd3 27. b3 g5 28. Qh3 Qg7 29. Rd2 h4 30. Qf5 Re6 31. bxc4 bxc4 32. Nc7 Rh6 33. Kh3 hxg3+ 34. Kxg3 Qa1 35. Qc8+ Kh7 36. Qf5+ Kg7 37. Ne8+ Kf8 38. Nf6 Qg1+ 39. Rg2 Qe1+ 40. Kg4 Qh4# 0-1


[Site "https://www.chess.com"]

[Event "Titled Tuesday Blitz May 31 Early 2022"]
[White "Eljanov, Pavel"]
[Black "Durarbayli, Vasif"]
[WhiteFideId "14102951"]
[BlackFideId "13402935"]
[WhiteElo "2601"]
[BlackElo "2528"]
[Result "0-1"]
[Round "09"]
[TimeControl "180+1"]
[Date "2022.05.31"]
[WhiteClock "0:00:24"]
[BlackClock "0:00:25"]

1. Nf3 Nf6 2. c4 b6 3. g3 Bb7 4. d4 e6 5. Bg2 Be7 6. O-O O-O 7. Re1 Ne4 8. Nfd2 d5 9. cxd5 exd5 10. Nc3 f5 11. Ndxe4 dxe4 12. Bf4 Na6 13. Qb3+ Kh8 14. Red1 Nb4 15. d5 a5 16. a3 Na6 17. Qc2 Bd6 18. e3 Bxf4 19. exf4 Nc5 20. Bf1 Ba6 21. Bxa6 Rxa6 22. Nb5 Qd7 23. Qc4 a4 24. Nd4 Ra5 25. Rac1 Re8 26. Nc6 Raa8 27. Ne5 Qe7 28. d6 cxd6 29. Nf7+ Kg8 30. Nxd6+ Kh8 31. Nxe8 Rxe8 32. Rc3 h6 33. Qd5 Qf6 34. Qd4 Qf7 35. Kg2 Kh7 36. h3 Re7 37. Qd5 Qg6 38. Qd6 Re6 39. Qb8 e3 40. Rxe3 Rxe3 41. fxe3 Ne4 42. Qc8 Qxg3+ 0-1


[Site "https://www.chess.com"]

[Event "Titled Tuesday Blitz May 31 Early 2022"]
[White "Estrada Nieto, Julian"]
[Black "Zaksaite, Salomeja"]
[WhiteFideId "5101018"]
[BlackFideId "12801496"]
[WhiteElo "2252"]
[BlackElo "1953"]
[Result "0-1"]
[Round "09"]
[TimeControl "180+1"]
[Date "2022.06.01"]
[WhiteClock "0:00:16"]
[BlackClock "0:00:09"]

1. e4 c5 2. Nf3 e6 3. c3 Nf6 4. e5 Nd5 5. Bc4 d6 6. d4 cxd4 7. cxd4 Bd7 8. Bxd5 exd5 9. Nc3 Be6 10. Bg5 Be7 11. Bxe7 Qxe7 12. O-O O-O 13. h3 dxe5 14. dxe5 Nc6 15. Re1 Rad8 16. Nd4 Qc5 17. Nb3 Qb4 18. a3 Qb6 19. Na4 Qc7 20. Rc1 d4 21. Nac5 Rd5 22. Nxe6 fxe6 23. Nc5 Qf7 24. Nd3 Qf5 25. f4 g5 26. Rf1 gxf4 27. Rxf4 Qg5 28. Rxf8+ Kxf8 29. Qf3+ Kg7 30. Rf1 Qe3+ 31. Kh2 Qxf3 32. Rxf3 Nxe5 33. Rg3+ Kf7 34. Nf4 d3 35. Nxd3 Rxd3 36. Rg5 Kf6 37. Rg8 Rb3 38. Rh8 Kg7 39. Re8 Kf7 40. Rh8 Rxb2 41. Rxh7+ Kf6 42. Rc7 b5 43. Kg3 Rb3+ 44. Kf2 Rxa3 45. h4 Ng4+ 46. Ke2 b4 47. h5 b3 48. Kd2 Ra2+ 49. Kc3 b2 50. Rb7 b1=Q 51. Rxb1 Rxg2 52. h6 Nxh6 53. Rb7 Nf5 54. Kd3 Rg3+ 55. Ke4 Ra3 56. Rb8 a5 57. Kf4 a4 58. Rf8+ Ke7 59. Ra8 Ra1 60. Ke4 a3 61. Ke5 a2 62. Kf4 Kd6 63. Kg5 Kd5 64. Ra7 Rg1+ 65. Kf6 a1=Q+ 66. Rxa1 Rxa1 67. Kf7 Rb1 68. Kf6 Rb2 69. Kg5 e5 70. Kxf5 e4 71. Kf4 e3 72. Kxe3 Rb4 73. Kd3 Rd4+ 74. Kc3 Kc5 75. Kc2 Kc4 76. Kb2 Rd2+ 77. Kc1 Kc3 78. Kb1 Kb3 79. Kc1 Rd3 0-1


[Site "https://www.chess.com"]

[Event "Titled Tuesday Blitz May 31 Early 2022"]
[White "Fedoseev, Vladimir"]
[Black "Sadhwani, Raunak"]
[WhiteFideId "24130737"]
[BlackFideId "35093487"]
[WhiteElo "2726"]
[BlackElo "2616"]
[Result "1-0"]
[Round "09"]
[TimeControl "180+1"]
[Date "2022.05.31"]
[WhiteClock "0:00:12"]
[BlackClock "0:00:03"]

1. e4 e5 2. Nf3 Nc6 3. Bb5 Nge7 4. c3 d5 5. Qe2 a6 6. exd5 Qxd5 7. Bc4 Qd6 8. Ng5 Nd8 9. O-O f6 10. Ne4 Qc6 11. f4 exf4 12. d4 Be6 13. Bd3 Bf5 14. Bxf4 Ne6 15. Bg3 Bg6 16. Nbd2 O-O-O 17. Rae1 Kb8 18. Bc4 Nf5 19. Bf2 Nf4 20. Qf3 Nd5 21. g4 Nh6 22. Bg3 f5 23. Nf2 fxg4 24. Nxg4 Nxg4 25. Qxg4 Bd6 26. Re6 Rhe8 27. Rfe1 Rxe6 28. Rxe6 Bf7 29. Re1 Bxg3 30. Qxg3 Bg6 31. Bb3 Nf6 32. Nf3 Re8 33. Ne5 Qd6 34. Rf1 Nh5 35. Qg5 Nf6 36. Qf4 Nh5 37. Qf3 Nf6 38. Re1 Re7 39. Qg3 Be8 40. Kf1 Ka8 41. Re2 Bb5 42. Bc4 Rxe5 43. dxe5 Qd1+ 44. Re1 Bxc4+ 45. Kg1 Qc2 46. exf6 gxf6 47. Qxc7 Qxb2 48. Qxc4 1-0


[Site "https://www.chess.com"]

[Event "Titled Tuesday Blitz May 31 Early 2022"]
[White "Fiorito, Fabian"]
[Black "Buscar, Michael"]
[WhiteFideId "100200"]
[BlackFideId "2603616"]
[WhiteElo "2395"]
[BlackElo "2010"]
[Result "1/2-1/2"]
[Round "09"]
[TimeControl "180+1"]
[Date "2022.06.01"]
[WhiteClock "0:00:39"]
[BlackClock "0:00:07"]

1. d4 d5 2. Nc3 Nf6 3. Bf4 c6 4. e3 Bf5 5. f3 e6 6. g4 Bg6 7. h4 h6 8. Qd2 Bd6 9. Nh3 Na6 10. Bxa6 bxa6 11. Bxd6 Qxd6 12. Nf4 Bh7 13. g5 Nd7 14. O-O-O O-O-O 15. Na4 Kb7 16. Qa5 Bf5 17. Nd3 Rb8 18. Ndc5+ Nxc5 19. Nxc5+ Ka8 20. Qxa6 Rb6 21. Qa5 Rhb8 22. b3 Rb5 23. Qa3 Qg3 24. Rdf1 Qg2 25. Qb2 hxg5 26. hxg5 Qxg5 27. Qc3 Qg2 28. Rhg1 Qe2 29. Qd2 Qxd2+ 30. Kxd2 Rg8 31. e4 Bg6 32. Ke3 e5 33. c3 Rh8 34. Rh1 Rbb8 35. dxe5 Rxh1 36. Rxh1 Re8 37. f4 Kb8 38. f5 Bxf5 39. exf5 Rxe5+ 40. Kf4 Re2 41. a4 Rf2+ 42. Kg4 Kc7 43. Re1 Kd6 44. Re3 Kxc5 45. Re7 g6 46. fxg6 fxg6 47. Rxa7 Rc2 48. Rb7 Rxc3 49. a5 Rc1 50. b4+ Kc4 51. a6 Ra1 52. Rb6 d4 53. Kf3 Kd5 54. Ke2 g5 55. Kf3 d3 56. Ke3 Ra3 57. b5 cxb5 58. Rxb5+ Kc4 59. Rb6 g4 60. Rc6+ Kb5 61. Rg6 Rxa6 62. Rxg4 Rd6 63. Kd2 Kc5 64. Ra4 Kb5 65. Rh4 Kc6 66. Rh5 Rd5 67. Rh6+ Kc5 68. Rh4 Rd4 69. Rh3 Rd5 70. Rxd3 Rxd3+ 71. Kxd3 1/2-1/2


[Site "https://www.chess.com"]

[Event "Titled Tuesday Blitz May 31 Early 2022"]
[White "Flynn, Jacob"]
[Black "Gulevich, Artem"]
[WhiteFideId "2509393"]
[BlackFideId "24119580"]
[WhiteElo "1896"]
[BlackElo "2218"]
[Result "0-1"]
[Round "09"]
[TimeControl "180+1"]
[Date "2022.06.01"]
[WhiteClock "0:00:05"]
[BlackClock "0:00:25"]

1. d4 d5 2. c4 c6 3. Nf3 Nf6 4. Qc2 e6 5. g3 Be7 6. Bg2 b6 7. O-O O-O 8. Nbd2 Bb7 9. e4 Nbd7 10. e5 Ne8 11. b3 Nc7 12. Bb2 c5 13. Rac1 Rc8 14. Qb1 dxc4 15. Nxc4 Nd5 16. Rfd1 Rc7 17. h4 h6 18. dxc5 Nxc5 19. Nd4 Qa8 20. Nb5 Rd7 21. Nbd6 Bc6 22. Ba3 Rfd8 23. b4 Nxb4 24. Bxc6 Nxc6 25. Bxc5 bxc5 26. Qb5 Nxe5 27. Nxe5 Rxd6 28. Rxd6 Rxd6 29. Qe2 Rd5 30. Ng4 Qd8 31. Ne3 Rd7 32. Nc4 Bf6 33. Qf3 Bd4 34. Kg2 Qc7 35. Rc2 Qb7 36. Nd2 Qxf3+ 37. Nxf3 e5 38. Nd2 f5 39. Nc4 Kf7 40. Kf3 Ke6 41. Ke2 Rb7 42. a4 Kd5 43. a5 e4 44. a6 Rb4 45. Nd2 c4 46. Ra2 c3 47. Nf1 Rb2+ 48. Rxb2 cxb2 49. Nd2 Bc3 50. Nb1 Bb4 51. Kd1 Bc5 52. Ke2 Kc4 53. f3 exf3+ 54. Kxf3 Bb4 55. Ke2 Kb3 56. Kd1 g5 57. hxg5 hxg5 58. g4 fxg4 59. Ke2 Kc2 0-1


[Site "https://www.chess.com"]

[Event "Titled Tuesday Blitz May 31 Early 2022"]
[White "Gaehwiler, Gabriel"]
[Black "Potapova, Margarita"]
[WhiteFideId "1314530"]
[BlackFideId "14126869"]
[WhiteElo "2383"]
[BlackElo "2216"]
[Result "1-0"]
[Round "09"]
[TimeControl "180+1"]
[Date "2022.06.01"]
[WhiteClock "0:00:21"]
[BlackClock "0:00:05"]

1. Nf3 d5 2. c4 c6 3. e3 Nf6 4. Nc3 g6 5. d4 Bg7 6. Be2 O-O 7. O-O Bg4 8. cxd5 cxd5 9. Qb3 Bxf3 10. Bxf3 Qd7 11. Nxd5 Nc6 12. Bd2 Rfd8 13. Nxf6+ Bxf6 14. Rac1 Rac8 15. Bxc6 bxc6 16. Bc3 Rb8 17. Qc4 Qd5 18. Qxd5 cxd5 19. Rfd1 e6 20. Kf1 Rdc8 21. Ke2 Kf8 22. Bb4+ Ke8 23. Rxc8+ Rxc8 24. Kd2 Kd7 25. Rc1 Rb8 26. Bc3 Be7 27. a3 Bd6 28. h3 h5 29. Kd3 Rc8 30. Bd2 Rb8 31. b4 Rb7 32. Kc2 g5 33. Kb3 f5 34. f3 Rb8 35. Rh1 Rg8 36. a4 Rb8 37. b5 a6 38. Bb4 axb5 39. a5 Bc7 40. Ra1 Ra8 41. a6 Bb6 42. Bc5 Bxc5 43. dxc5 Ra7 44. Kb4 Kc6 45. Ra2 e5 46. g3 d4 47. exd4 exd4 48. Ra3 Ra8 49. a7 d3 50. Rxd3 Rxa7 51. Rd6+ Kc7 52. Kxb5 Ra3 53. Rg6 Rb3+ 54. Kc4 Rxf3 55. Rg7+ Kc6 56. Rg6+ Kc7 57. Rxg5 f4 58. gxf4 Rxf4+ 59. Kd5 h4 60. Rg7+ Kc8 61. Rh7 Rf5+ 62. Kd6 Rf6+ 63. Ke5 Rg6 64. Rxh4 Kc7 65. Kd5 Rg5+ 66. Kc4 Rg6 67. Kb5 Kb7 68. Rh7+ Kc8 69. h4 Rf6 70. h5 Re6 71. Rg7 Kd8 72. Rg6 Re1 73. h6 Rh1 74. Kc6 1-0


[Site "https://www.chess.com"]